 Dungeon Crawl Stone Soup version 0.28-a0-535-g6f645e4c1d (webtiles) character file.

Game seed: 6271209803296722195

121 runemasterragnar the Magician (level 5, 0/37 HPs)
             Began as a Djinni Conjurer on Sept 26, 2021.
             Was a High Priest of Ignis.
             Engulfed by a cloud of flame (2 damage)
             ... on level 4 of the Dungeon.
             The game lasted 00:05:40 (3112 turns).

runemasterragnar the Magician (Djinni Conjurer)     Turns: 3112, Time: 00:05:42

Health: 0/37       AC:  4    Str:  7    XL:     5   Next: 26%
Gold:   43         EV: 12    Int: 22    God:    Ignis [*****.] SH:  0 Dex: 12

rFire   + + +      SeeInvis .   n - +2 scimitar (holy)
rCold   x . .      Faith    .   (no shield)
rNeg    . . .      Spirit   .   a - +0 robe
rPois   ∞          Reflect  .   q - +1 helmet {Int+3}
rElec   .          Harm     .   (no cloak)
rCorr   .          Rampage  .   (no gloves)
Will    .....                   (boots unavailable)
Stlth   ++........              (no amulet)
HPRegen 0.12/turn               (no ring)
MPRegen 0.00/turn               (no ring)

@: flying
A: sickness immunity, fire resistance 2, cold vulnerability 1, float, innate
caster, hp casting, extra vitality 1
a: Renounce Religion, Sea of Fire, Foxfire Swarm, Rising Flame


You were on level 4 of the Dungeon.
You worshipped Ignis.
Ignis was extremely pleased with you.
You visited 1 branch of the dungeon, and saw 4 of its levels.

You collected 103 gold pieces.
You spent 60 gold pieces at shops.

Inventory:

Hand Weapons
 n - a +2 scimitar of holy wrath (weapon)
Armour
 a - a +0 robe (worn)
 q - a +1 helmet of intelligence (worn)
Wands
 o - a wand of digging (4)
Scrolls
 b - a scroll of summoning {unknown}
 d - a scroll of amnesia {unknown}
 e - 2 scrolls of identify
 f - a scroll of acquirement {unknown}
 h - a scroll of teleportation {unknown}
 i - 3 scrolls of enchant weapon {unknown}
 j - 2 scrolls of vulnerability {unknown}
 k - 3 scrolls of enchant armour {unknown}
 l - a scroll of noise
 m - a scroll of fog
Potions
 c - 2 potions of attraction
 g - 3 potions of degeneration
 p - a potion of lignification


   Skills:
 + Level 1.6 Fighting
 + Level 3.0 Dodging
 + Level 2.3 Stealth
 * Level 4.0 Spellcasting
 + Level 0.6 Evocations


You couldn't memorise any spells.
You knew the following spells:

 Your Spells              Type           Power      Damage    Failure   Level
a - Magic Dart            Conj           88%        1d7       2%          1
b - Searing Ray           Conj           44%        2d6       3%          2
c - Dazzling Flash        Conj/Hex       44%        N/A       6%          3
d - Fulminant Prism       Conj/Hex       11%        3d9       22%         4
e - Iskenderun's Mystic   Conj/Tloc      22%        2d6       22%         4
f - Pain                  Necr           88%        1d8       2%          1
g - Blink                 Tloc           N/A        N/A       3%          2
Your spell library was empty.

Dungeon Overview and Level Annotations

Branches:
Dungeon (4/15)
 Temple: D:4-7

Altars:
Ignis

Shops:
D:1 =[   D:2 ?


Innate Abilities, Weirdness & Mutations

You are immune to sickness and miasma.
You are immune to poison.
Your flesh is very heat resistant. (rF++)
You are vulnerable to cold. (rC-)
You float through the air rather than walking.
You learn spells naturally, not from books.
Your magical power is your life essence.
You have superior vitality. (+4 HP)


Message History

You have reached level 5!
The power to cast Blink wells up from within.
Spell assigned to 'g'.
The searing ray hits the gnoll shaman.
The gnoll shaman is lightly wounded.
The searing ray hits the gnoll.
The gnoll is severely wounded.
You are engulfed in blazing flames.
You resist.
Unknown command.
The searing ray hits the gnoll shaman.
The gnoll shaman is moderately wounded.
The searing ray hits the gnoll.
You kill the gnoll!
You are engulfed in blazing flames.
You resist.
* * * LOW HITPOINT WARNING * * *
The gnoll shaman barely misses you.
Your Spellcasting skill increases to level 4!
The searing ray hits the gnoll shaman!
The gnoll shaman is severely wounded.
* * * LOW HITPOINT WARNING * * *
You finish channelling your searing ray.
You are engulfed in blazing flames.
You resist.
* * * LOW HITPOINT WARNING * * *
The gnoll shaman calls upon its god to speed up the gnoll.
The gnoll seems to speed up.
Unknown command.
Okay, then.
Okay, then.
Okay, then.
Casting: Searing Ray (safe; 3% risk of failure)
Confirm with . or Enter, or press ? or * to list all spells.
Okay, then.
Casting: Searing Ray (safe; 3% risk of failure)
Confirm with . or Enter, or press ? or * to list all spells.
You blink.
Found a book of Changes, a spear, a robe and 25 gold pieces.
Found a stone staircase leading down.
* * * LOW HITPOINT WARNING * * *
You are engulfed in blazing flames.
You resist.
You die...

.... .# .. #...
.###.#
.###...#..#..#
..$....[....#
.....§○...#
..§S☼.. ##○§○##
##§§@§.#
###§.☼☼§....#
#☼g)§..§§...:.#
#§gg.§###..)>.#
#§§§### ##$..#
##### ####


You could see a gnoll shaman, 2 gnolls and a ball python.

Vanquished Creatures
  A bullfrog skeleton (D:4)
  A gnoll (D:4)
  An adder (D:2)
  A dart slug (D:1)
  4 orcs (D:3)
  7 endoplasms
  5 giant cockroaches
  10 goblins
  4 hobgoblins (D:1)
  3 jackals (D:2)
  A quokka (D:1)
  3 ball pythons
  7 bats
  4 frilled lizards
  6 kobolds
  4 rats
62 creatures vanquished.

Vanquished Creatures (others)
  A fungus (D:1)
1 creature vanquished.

Grand Total: 63 creatures vanquished

Notes
Turn   | Place    | Note
-------+----------+-------------------------------------------
     0 | D:1      | runemasterragnar the Djinni Conjurer began the quest for
                  | the Orb.
     0 | D:1      | Reached XP level 1. HP: 15/15 MP: 0/0
   140 | D:1      | Found a faded altar of an unknown god.
   161 | D:1      | Became a worshipper of Ignis, the Dying Flame
   212 | D:1      | Reached XP level 2. HP: 19/22 MP: 0/0
   461 | D:1      | Found Nukhlos's Antique Armour Emporium.
   749 | D:1      | Reached XP level 3. HP: 25/26 MP: 0/0
   749 | D:1      | Learned a level 1 spell: Pain
  1102 | D:1      | Reached skill level 1 in Fighting
  1129 | D:1      | Found Havacham's Jewellery Emporium.
  1604 | D:2      | Reached XP level 4. HP: 26/32 MP: 0/0
  1899 | D:2      | Found Qona's Magic Scroll Shoppe.
  1907 | D:2      | Bought a scroll of noise for 12 gold pieces
  1907 | D:2      | Bought a scroll of identify for 24 gold pieces
  1907 | D:2      | Bought a scroll of fog for 24 gold pieces
  3109 | D:4      | Reached XP level 5. HP: 17/37 MP: 0/0
  3109 | D:4      | Learned a level 2 spell: Blink
  3111 | D:4      | Reached skill level 4 in Spellcasting
  3112 | D:4      | Engulfed by a cloud of flame

Illustrated notes

Levels and vault maps discovered:
D:1:      dpeg_arrival_refuge, layout_rooms, serial_shops, shop, shop,
          shapermc_ecumenical_altar_acropolis, lemuel_another_geyser
D:2:      layout_loops_ring, serial_shops, nicolae_lakefront_shop
D:3:      wander_river, layout_basic, kennysheep_generic_room_10
D:4:      layout_layer_cave, grunt_temple_overflow_gold_and_silver,
          grunt_ministairs_12, chequers_decorated_corner, uniq_eustachio,
          uniq_blork_the_orc, uniq_menkaure

Skill      XL: |  1  2  3  4  5 |
---------------+----------------+-----
Stealth        | 2 |  2.3
Fighting       | 1 |  1.6
Dodging        | 3 |  3.0
Spellcasting   | 4 |  4.0
Evocations     | |  0.6

Action                   |  1- 3 |  4- 6 || total
-------------------------+-------+-------++-------
Melee: Scimitar          |       |    17 ||    17
 Cast: Magic Dart        |    75 |    27 ||   102
       Searing Ray       |       |     2 ||     2
       Blink             |       |     1 ||     1
Invok: Sea of Fire       |       |     1 ||     1
  Use: Scroll            |       |     3 ||     3
 Stab: Sleeping          |       |     1 ||     1
Armor: Robe              |       |     9 ||     9
Dodge: Dodged            |     1 |    24 ||    25

Table legend: (Time is in decaauts)
 A = Elapsed time spent in this place.
 B = Non-inter-level travel time spent in this place.
 C = Inter-level travel time spent in this place.
 D = Time resting spent in this place.
 E = Time spent auto-exploring this place.
 F = Levels seen in this place.
 G = Mean time per level.
                   A        B        C        D        E       F      G
               +--------+--------+--------+--------+--------+-----+--------+
         Total |   3117 |   3043 |     74 |    247 |   2473 |   4 |  779.2 |
       Dungeon |   3117 |   3043 |     74 |    247 |   2473 |   4 |  779.2 |
               +--------+--------+--------+--------+--------+-----+--------+

Top non-repeatable levels by time:
     D:1: 1176 daAuts
     D:3: 1054 daAuts
     D:2: 877 daAuts
     D:4: 9 daAuts
